 Dungeon Crawl Stone Soup version 0.22.1-2-g9c5b331 (webtiles) character file.

570722 dvd the Executioner (level 25, -10/228 HPs)
             Began as a Minotaur Gladiator on Nov 22, 2018.
             Was a High Priest of Yredelemnul.
             Killed from afar by a Hell Sentinel (29 damage)
             ... with damnation
             ... led by Vofeocs
             ... on level 15 of the Dungeon.
             The game lasted 03:20:36 (43943 turns).

dvd the Executioner (Minotaur Gladiator)           Turns: 43943, Time: 03:20:38

Health: -10/228    AC: 22    Str: 24    XL:     25   Next: 63%
Magic:  35/42      EV: 20    Int:  7    God:    Yredelemnul [*****.]
Gold:   5753       SH: 27    Dex: 30    Spells: 36/39 levels left

rFire    + . .     SeeInvis +   a - +9 war axe "Suzyh" {chop, rC+ MP+9 Dex+6}
rCold    + + +     Gourm    .   O - +3 shield
rNeg     + + .     Faith    .   w - +1 chain mail "Sofes" {rC+++ rN++ rCorr Int-2}
rPois    +         Spirit   .   c - +2 hat
rElec    +         Reflect  +   Q - scarf {cloud immunity}
rCorr    +         Harm     .   r - +1 pair of gloves of Okawaru's Envy {Dex+7}
MR       ++...     NoTele   +   D - +2 pair of boots
Stlth    +.........             s - amulet of Fallacy {Reflect rPois SH+3 SInv}
HPRegen  0.48/turn              E - ring "Qelinloc" {Fire -Tele +Fly rElec Int+4}
MPRegen  0.28/turn              U - ring of protection from magic

@: berserk cooldown, hasted and slowed, studying Crossbows
A: retaliatory headbutt, horns 2, large bone plates 1, dopey 1, wild magic 1, no
potion heal 2, MP-powered wands
0: Orb of Zot
}: 3/15 runes: decaying, serpentine, slimy
a: Recall Undead Slaves, Injury Mirror, Animate Dead, Drain Life, Enslave Soul,
Renounce Religion, Evoke Flight


You were on level 15 of the Dungeon.
You worshipped Yredelemnul.
Yredelemnul was extremely pleased with you.
You were hungry.

You visited 9 branches of the dungeon, and saw 49 of its levels.
You visited the Abyss 1 time.
You also visited: Ossuary, Bailey and Ice Cave.

You collected 6881 gold pieces.
You spent 1128 gold pieces at shops.

Inventory:

Hand Weapons
 a - the +9 war axe "Suzyh" (weapon) {chop, rC+ MP+9 Dex+6}
   (You found it on level 10 of the Dungeon)

   It inflicts extra damage upon your enemies.
   It affects your dexterity (+6).
   It protects you from cold.
   It affects your magic capacity (+9).
 b - a +9 broad axe of flaming
 P - the +9 flail "Yneruynidd" {crush, rElec MR- Str+7 Dex+2}
   (You found it on level 3 of the Elven Halls)

   It inflicts extra damage upon your enemies.
   It affects your strength (+7).
   It affects your dexterity (+2).
   It insulates you from electricity.
   It affects your resistance to hostile enchantments.
Missiles
 t - 42 tomahawks of returning (quivered)
 y - 7 poisoned javelins
Armour
 c - a +2 hat (worn)
 r - the +1 pair of gloves of Okawaru's Envy (worn) {Dex+7}
   (You acquired it on level 5 of the Lair of Beasts)

   It affects your dexterity (+7).
 w - the +1 chain mail "Sofes" (worn) {rC+++ rN++ rCorr Int-2}
   (You found it on level 3 of the Elven Halls)

   It affects your intelligence (-2).
   It renders you almost immune to cold.
   It greatly protects you from negative energy.
   It provides partial protection from all sources of acid and corrosion.
 B - a +0 buckler of positive energy
 D - a +2 pair of boots (worn)
 O - a +3 shield (worn)
 Q - a scarf of cloud immunity (worn)
 W - the +0 cloak of the Republic {rElec}
   (You bought it in a shop on level 2 of the Snake Pit)

   It insulates you from electricity.
Jewellery
 s - the amulet of Fallacy (around neck) {Reflect rPois SH+3 SInv}
   (You found it on level 11 of the Dungeon)

   [amulet of reflection]

   It shields you and reflects attacks.
   It protects you from poison.
   It lets you see invisible.
   It affects your SH (+3).
 x - a +4 ring of intelligence
 E - the ring "Qelinloc" (left hand) {Fire -Tele +Fly rElec Int+4}
   (You found it on level 6 of the Dungeon)

   [ring of fire]

   It enhances your fire magic.
   It affects your intelligence (+4).
   It protects you from fire.
   It makes you vulnerable to cold.
   It insulates you from electricity.
   It lets you fly.
   It prevents most forms of teleportation.
 K - the amulet of Roujom {Spirit Str+5 Slay+6 Stlth-}
   (You took it off a deep elf annihilator on level 3 of the Elven Halls)

   [amulet of guardian spirit]

   It causes incoming damage to be split between your health and magic.
   It affects your strength (+5).
   It affects your accuracy and damage with ranged weapons and melee attacks
   (+6).
   It makes you less stealthy.
 N - an uncursed amulet of regeneration
 U - a ring of protection from magic (right hand)
 Z - the amulet "Afiow" {Gourm rElec Int+4}
   (You acquired it on level 2 of the Depths)

   [amulet of the gourmand]

   It allows you to eat raw meat even when not hungry.
   It affects your intelligence (+4).
   It insulates you from electricity.
Wands
 g - a wand of paralysis (39)
 h - a wand of scattershot (24)
 m - a wand of disintegration (24)
 u - a wand of iceblast (45)
 z - a wand of digging (5)
 C - a wand of random effects (71)
 G - a wand of acid (36)
 I - a wand of clouds (3)
 M - a wand of flame (207)
Scrolls
 n - 9 scrolls of magic mapping
 o - 7 scrolls of blinking
 p - 18 scrolls of teleportation
 q - 40 scrolls of identify
 A - 5 scrolls of remove curse
 T - 6 scrolls of fog
 X - 11 scrolls of fear
Potions
 d - 6 potions of cancellation
 e - a potion of might
 i - 3 potions of resistance
 j - 3 potions of flight
 k - 26 potions of curing
 l - 3 potions of agility
 v - 8 potions of heal wounds
 F - 3 potions of haste
 H - 11 potions of brilliance
 J - 7 potions of magic
 L - a potion of ambrosia
 Y - a potion of mutation
Books
 S - a manual of Crossbows
Comestibles
 f - 56 rations
 R - a chunk of flesh


   Skills:
 + Level 19.2 Fighting
 + Level 21.3 Axes
 + Level 6.6 Throwing
 + Level 14.7 Armour
 + Level 12.6 Dodging
 + Level 13.5 Stealth
 + Level 17.9 Shields
 + Level 7.8 Spellcasting
 + Level 7.8 Charms
 + Level 8.7 Necromancy
 + Level 15.8 Invocations
 + Level 2.6 Evocations


You had 36 spell levels left.
You knew the following spells:

 Your Spells              Type           Power        Failure   Level  Hunger
a - Regeneration          Chrm/Necr      ###.......   13%         3    ###....

Your spell library contained the following spells:

 Spells                   Type           Power        Failure   Level  Hunger
 Animate Skeleton         Necr           N/A          4%          1    None
 Pain                     Necr           ###.         4%          1    None
 Infusion                 Chrm           ###.         6%          1    None
 Vampiric Draining        Necr           ###.......   12%         3    ###....
 Animate Dead             Necr           N/A          32%         4    ####...
 Shroud of Golubria       Chrm/Tloc      ##........   34%         2    ##.....
 Swiftness                Chrm/Air       ##......     34%         2    ##.....
 Ozocubu's Armour         Chrm/Ice       ##......     56%         3    ###....
 Agony                    Necr           ###.....     65%         5    ######.
 Apportation              Tloc           #.....       73%         1    None
 Beastly Appendage        Tmut           #.....       73%         1    None
 Confusing Touch          Hex            #.....       73%         1    None
 Corona                   Hex            #......      73%         1    None
 Flame Tongue             Conj/Fire      #....        73%         1    None
 Freeze                   Ice            #...         73%         1    None
 Magic Dart               Conj           #...         73%         1    None
 Sandblast                Erth           #.....       73%         1    None
 Shock                    Conj/Air       #...         73%         1    None
 Summon Butterflies       Summ           #.......     73%         1    None
 Summon Small Mammal      Summ           #...         73%         1    None
 Ensorcelled Hibernation  Hex/Ice        #.....       86%         2    ##.....
 Passwall                 Tmut/Erth      #.......     86%         2    ##.....
 Poisonous Vapours        Pois/Air       #.....       86%         2    ##.....
 Searing Ray              Conj           #.....       86%         2    ##.....
 Slow                     Hex            #.......     86%         2    ##.....
 Sticks to Snakes         Tmut           #.......     86%         2    ##.....
 Throw Flame              Conj/Fire      #.....       86%         2    ##.....
 Throw Frost              Conj/Ice       #.....       86%         2    ##.....
 Confuse                  Hex            #.......     97%         3    ###....
 Conjure Flame            Conj/Fire      #.......     97%         3    ###....
 Dazzling Spray           Conj/Hex       #.....       97%         3    ###....
 Gell's Gravitas          Tloc           #.........   97%         3    ###....
 Ignite Poison            Fire/Tmut/Pois #.......     97%         3    ###....
 Inner Flame              Hex/Fire       #.......     97%         3    ###....
 Portal Projectile        Hex/Tloc       #.....       97%         3    ###....
 Spider Form              Tmut/Pois      #.........   97%         3    ###....
 Static Discharge         Conj/Air       #.......     97%         3    ###....
 Tukima's Dance           Hex            #.......     97%         3    ###....
 Bolt of Draining         Conj/Necr      ##........   99%         5    ######.
 Borgnjor's Vile Clutch   Necr/Erth      ##........   99%         5    ######.
 Iskenderun's Battlesphe  Conj/Chrm      ##......     99%         5    ######.
 Airstrike                Air            #.........   100%        4    ####...
 Cause Fear               Hex            #.........   100%        4    ####...
 Ice Form                 Ice/Tmut       #.......     100%        4    ####...
 Leda's Liquefaction      Hex/Erth       #.........   100%        4    ####...
 Petrify                  Tmut/Erth      #.......     100%        4    ####...
 Sticky Flame             Conj/Fire      #.......     100%        4    ####...
 Summon Ice Beast         Ice/Summ       #.......     100%        4    ####...
 Summon Lightning Spire   Summ/Air       #.......     100%        4    ####...
 Throw Icicle             Conj/Ice       #.......     100%        4    ####...
 Alistair's Intoxication  Tmut/Pois      #.......     100%        5    ######.
 Aura of Abjuration       Summ           #.........   100%        5    ######.
 Blade Hands              Tmut           #.........   100%        5    ######.
 Bolt of Magma            Conj/Fire/Erth #.........   100%        5    ######.
 Fireball                 Conj/Fire      #.........   100%        5    ######.
 Lee's Rapid Deconstruct  Erth           #.........   100%        5    ######.
 Lightning Bolt           Conj/Air       #.........   100%        5    ######.
 Metabolic Englaciation   Hex/Ice        #.........   100%        5    ######.
 Silence                  Hex/Air        #.........   100%        5    ######.
 Venom Bolt               Conj/Pois      #.........   100%        5    ######.
 Yara's Violent Unravell  Hex/Tmut       #.........   100%        5    ######.
 Bolt of Cold             Conj/Ice       #.........   100%        6    #######
 Bolt of Fire             Conj/Fire      #.........   100%        6    #######
 Conjure Ball Lightning   Conj/Air       #.........   100%        6    #######
 Darkness                 Hex            #.........   100%        6    #######
 Deflect Missiles         Chrm/Air       ##........   100%        6    #######
 Freezing Cloud           Conj/Ice/Air   #.........   100%        6    #######
 Invisibility             Hex            #.......     100%        6    #######
 Iron Shot                Conj/Erth      #.........   100%        6    #######
 Ozocubu's Refrigeration  Ice            #.........   100%        6    #######
 Shadow Creatures         Summ           N/A          100%        6    #######
 Simulacrum               Ice/Necr       ##........   100%        6    #######
 Statue Form              Tmut/Erth      #........    100%        6    #######
 Malign Gateway           Summ/Tloc      #.........   100%        7    #######
 Monstrous Menagerie      Summ           #.........   100%        7    #######
 Orb of Destruction       Conj           #.........   100%        7    #######
 Ring of Flames           Chrm/Fire      ###.......   100%        7    #######
 Spellforged Servitor     Conj/Summ      #.........   100%        7    #######
 Summon Greater Demon     Summ           #.........   100%        7    #######
 Summon Hydra             Summ           #.........   100%        7    #######
 Discord                  Hex            #.........   100%        8    #######
 Ignition                 Fire           #.........   100%        8    #######
 Summon Horrible Things   Summ           #.........   100%        8    #######
 Shatter                  Erth           #.........   100%        9    #######
 Tornado                  Air            #.........   100%        9    #######
 Passage of Golubria      Tloc           Unusable     N/A         4    N/A

Dungeon Overview and Level Annotations

Branches:
Dungeon (15/15)            Temple (0/1) D:6            Lair (6/6) D:10
  Swamp (4/4) Lair:4        Snake (4/4) Lair:2        Slime (5/5) Lair:6
    Orc (2/2) D:11            Elf (3/3) Orc:2        Vaults (0/5) D:14
 Depths (5/5) D:15            Zot (5/5) Depths:5

Altars:
Cheibriados
Fedhas
Gozag
Hepliaklqana
Trog
Vehumet
Wu Jian
Xom
Yredelemnul
Zin
The Shining One

Shops:
D:10 [   D:11 (   Orc:2 ![=[?   Elf:1 **   Elf:3 (   Snake:2 [?}}   Depths:4 *

Portals:
Hell: Depths:1 Depths:2 Depths:3 Depths:4
Abyss: Depths:1 Depths:2 Depths:4
Pandemonium: Depths:1 Depths:2 Depths:3
Ziggurat: Depths:1


Innate Abilities, Weirdness & Mutations

You reflexively headbutt those who attack you in melee.
You have a pair of horns on your head.
You are partially covered in large bone plates. (SH +4)
You are dopey. (Int -2)
Your spells are a little harder to cast, but a little more powerful.
Potions are poor at restoring your health.
You expend magic power (3 MP) to strengthen your wands.


Message History

The Hell Sentinel is almost dead.
The bolt of acid hits the Hell Sentinel.
The Hell Sentinel appears unharmed.
You feel a surge of power! The Hell Sentinel gestures at you.
The sphere of damnation explodes!
The damnation engulfs you!
* * * LOW HITPOINT WARNING * * *
The damnation engulfs the Hell Sentinel.
The Hell Sentinel completely resists.
You hear a screech.
Something shouts, "Despair, thou mewling fool-born bounder!"
Your system partially rejects the healing.
You feel much better. The Hell Sentinel misses you. You furiously retaliate!
You headbutt the Hell Sentinel, but do no damage.
You block the Hell Sentinel's attack.
Your system partially rejects the healing.
You feel much better. The Hell Sentinel gestures at you.
The sphere of damnation explodes!
The damnation engulfs you!
You die...
Your body rises from the dead as a mindless zombie.

#..............#...#...#..# #
#.............#####'###.###
##...#...#.###.##...#...## #
#........#.###.##.≈.#.≈.# #
#............#......#ZZ.## #
#............#.).###.###># #
#...........V#1.§#..## ### ###
####.Z......##1###..#########..
#....##.((.##@######......##..
#..........##........##...##..
#.......((((.....######...##..
#.........((####Z##...#...##Z.
###.......((.(...##.#+#..Z##..
#......#...(..........#..Z..
####......#...(..####...##.##..
#..W......##...................
#............########...#.....#


You could see 2 Hell Sentinels and a friendly centaur warrior zombie.

Vanquished Creatures
  3 ancient liches
  6 orbs of fire (Zot:5)
  A pandemonium lord (D:15)
  Saint Roka (Depths:2)
  A caustic shrike (Depths:4)
  Nikola (Snake:3)
  A golden dragon (Depths:5)
  An electric golem (Zot:5)
  7 tentacled monstrosities
  2 liches
  15 Orb Guardians (Zot:5)
  A deep elf master archer (Elf:3)
  3 deep elf blademasters
  6 acid blobs
  A tentacled starspawn (Abyss:2)
  Asterion (Snake:2)
  A death cob (Zot:4)
  2 sphinxes (Depths:4)
  A storm dragon (Zot:4)
  2 tengu reavers (Depths:4)
  A thorn hunter (Swamp:4)
  A shadow dragon (Zot:1)
  7 draconian monks
  An azure jelly (Slime:3)
  The ghost of Jummob the Eclecticist, a journeyman DEFE of Vehumet (Snake:2)
  5 nagarajas
  4 frost giants
  A deep elf sorcerer (Elf:3)
  3 fire giants (Depths:4)
  3 draconian knights (Zot:2)
  2 deep elf elementalists (Elf:3)
  5 draconian shifters
  Louise (Depths:2)
  7 draconian stormcallers
  A cacodemon (Depths:5)
  5 draconian annihilators
  12 very ugly things
  2 stone giants
  2 dire elephants
  3 green draconians
  4 white draconians
  7 black draconians
  A deep elf annihilator (Elf:3)
  2 spark wasps
  6 purple draconians
  3 red draconians
  A yellow draconian (Zot:2)
  Azrael (D:15)
  A blizzard demon (Depths:2)
  5 ettins
  4 deep elf death magi
  4 fire dragons
  A green death (D:15)
  A death ooze (Slime:5)
  A deep elf high priest (Elf:3)
  2 yaktaur captains
  Harold (Lair:1)
  2 great orbs of eyes (Slime:5)
  Erolcha (Orc:1)
  9 ice dragons
  9 naga warriors
  A spriggan air mage (Depths:4)
  4 rakshasas
  6 hydras
  A catoblepas (Lair:3)
  9 anacondas
  2 deep troll shamans
  3 centaur warriors
  5 two-headed ogres
  15 dancing weapons
  4 deep troll earth magi
  2 alligators (Swamp:4)
  A spriggan berserker (Depths:4)
  3 naga sharpshooters
  7 shock serpents
  Urug (Orc:2)
  A sun demon (D:15)
  2 orc high priests (Orc:2)
  Nergalle (D:10)
  Sonja (Lair:6)
  11 deep elf knights
  2 iron trolls (Depths:4)
  A sixfirhy (Depths:5)
  4 shadow wraiths
  5 unseen horrors
  2 swamp dragons
  7 wizards
  17 sea snakes
  A gelid demonspawn (Depths:1)
  5 deep trolls (Depths:1)
  A hell knight (Depths:5)
  A naga ritualist (Snake:1)
  2 flayed ghosts
  5 orc knights
  A shambling mangrove (Swamp:2)
  4 glowing orange brains (Depths:3)
  9 deep elf archers
  A deep troll (shapeshifter) (Depths:4)
  A lindwurm (shapeshifter) (D:14)
  An orange crystal statue (Depths:3)
  21 deep elf magi
  5 orc sorcerers
  2 shining eyes
  32 ugly things
  2 oklob plants
  11 mana vipers
  2 salamanders (Snake:3)
  7 moths of wrath
  A manticore (D:14)
  Maurice (D:10)
  A cyclops (D:12)
  4 ice statues
  7 guardian serpents
  24 black mambas
  A rust devil (Depths:2)
  A guardian serpent (shapeshifter) (D:14)
  A centaur zombie (D:13)
  5 large abominations
  An elephant (Lair:6)
  A gargoyle (D:11)
  6 naga magi
  A smoke demon (Zot:5)
  2 orange demons
  7 komodo dragons
  2 rime drakes
  3 freezing wraiths (Swamp:4)
  21 spiny frogs
  12 yaktaurs
  A hellwing (Depths:2)
  3 anaconda simulacra
  A spectral merfolk (Depths:3)
  16 ice devils
  A tengu conjurer (D:15)
  A troll (shapeshifter) (D:13)
  A red devil (Zot:1)
  A queen bee (D:10)
  4 trolls
  6 polar bears
  Prince Ribbit (D:6)
  3 hornets
  12 dream sheep
  2 bog bodies
  3 blink frogs
  4 tyrant leeches
  28 slime creatures
  5 hippogriffs
  6 flying skulls (Lair:5)
  5 shadows
  3 spriggans
  2 dire elephant simulacra (IceCv)
  An air elemental (Elf:2)
  6 water elementals
  4 wraiths
  4 fire elementals
  2 vampires
  2 basilisks
  A hog (Swamp:3)
  2 wyverns
  23 yaks
  3 ynoxinuls
  2 neqoxecs (D:12)
  12 vampire mosquitoes
  A swamp worm simulacrum (Swamp:4)
  6 chaos spawn
  Edmund (D:6)
  2 harpy simulacra (IceCv)
  An acid dragon (D:12)
  7 insubstantial wisps
  2 iron troll simulacra (IceCv)
  5 wargs
  4 swamp worms
  21 nagas
  17 water moccasins
  A swamp worm (shapeshifter) (Depths:4)
  8 hydra simulacra
  6 porcupines
  A hell hound (D:15)
  A spectral troll (Depths:3)
  19 orc warriors
  3 swamp drakes
  3 sky beasts (D:8)
  A snapping turtle zombie (Depths:3)
  2 spectral spriggans (Depths:3)
  3 phantoms
  A black bear (Lair:3)
  4 eyes of draining
  2 ice beasts
  10 ogres
  10 wolves
  5 boggarts
  10 crocodiles
  6 centaurs
  A crocodile (shapeshifter) (Depths:4)
  2 elf zombies (Ossuary)
  The ghost of smtktc the Magician, an amateur DECj (D:3)
  Blork the orc (D:6)
  3 big kobolds
  An earth elemental (Elf:1)
  13 bullfrogs
  A wyvern skeleton (D:13)
  9 small abominations
  7 scorpions
  A spectral ogre (Depths:3)
  25 killer bees
  A spectral naga (Depths:3)
  8 howler monkeys
  An electric eel (Snake:3)
  3 spectral centaurs (Depths:3)
  6 crimson imps
  4 bullfrog zombies
  3 hounds
  A quasit (D:10)
  2 human zombies (Ossuary)
  A gnoll shaman (D:4)
  16 orc priests
  5 jellies
  2 bullfrog skeletons
  24 orc wizards
  5 iguanas
  2 spriggan simulacra (Depths:3)
  5 hell rats (Lair:6)
  13 worker ants
  A big kobold zombie (Ossuary)
  3 hound zombies (Ossuary)
  A hound skeleton (D:6)
  4 mummies (Ossuary)
  4 gnolls
  18 adders
  3 shadow imps
  2 swamp drake simulacra (Swamp:4)
  3 adder zombies
  3 adder skeletons
  3 worms
  4 dart slugs
  5 leopard geckos
  59 orcs
  5 ball pythons
  6 giant cockroaches
  8 goblins
  7 hobgoblins
  12 jackals
  4 quokkas
  4 bats
  5 frilled lizards
  A goblin zombie (D:6)
  A hobgoblin zombie (Ossuary)
  22 kobolds
  2 leopard gecko skeletons
  2 quokka skeletons
  A quokka zombie (D:6)
  4 rats
  2 rat zombies (Ossuary)
  4 briar patches (Swamp:4)
  2 bushes (Lair:4)
  2 fungi
  5 plants (Lair:4)
1237 creatures vanquished.

Vanquished Creatures (collateral kills)
  the Royal Jelly (Slime:5)
  2 orbs of fire (Zot:5)
  The ghost of Liotz the Executioner, a veteran MiFi of Uskayaw (Elf:1)
  A Killer Klown (Zot:5)
  The ghost of Frank the Hoplite, a veteran GrFi of Makhleb (Elf:3)
  A curse toe (Zot:5)
  A golden dragon (Zot:4)
  A bone dragon (Depths:5)
  3 electric golems
  6 tentacled monstrosities
  An Ice Fiend (IceCv)
  A deep elf master archer (Elf:3)
  9 Orb Guardians (Zot:5)
  2 quicksilver dragons
  A titan (Depths:4)
  17 acid blobs
  2 storm dragons
  Kirke (Swamp:3)
  3 shadow dragons (Zot:4)
  2 tengu reavers
  The ghost of Obawnol the Fencer, an adept DrGl of Okawaru (Snake:2)
  6 nagarajas
  6 azure jellies
  The ghost of Jummob the Eclecticist, a journeyman DEFE of Vehumet (Snake:2)
  A fire giant (Depths:4)
  A draconian monk (Zot:3)
  4 frost giants
  3 deep elf sorcerers (Elf:3)
  The ghost of Siufri the Warrior, an adept GrFi of Qazlal (Snake:2)
  2 ghost moths
  3 draconian knights
  4 draconian shifters
  A balrug (Depths:2)
  An emperor scorpion (D:15)
  3 draconian scorchers
  A deep elf elementalist (Elf:3)
  3 draconian stormcallers
  4 stone giants
  2 draconian annihilators
  5 very ugly things
  A vampire knight (Depths:4)
  4 deep elf annihilators (Elf:3)
  6 green draconians
  A purple draconian (Zot:2)
  A deep elf demonologist (Elf:3)
  A red draconian (Depths:5)
  6 black draconians
  A spark wasp (Depths:5)
  3 yellow draconians
  The ghost of Error4North the Basher, a journeyman MiFi of the Shining One (D:12)
  4 white draconians
  An eidolon (Depths:3)
  4 death oozes (Slime:5)
  2 ettins
  6 deep elf death magi
  4 great orbs of eyes
  2 naga warriors (Snake:4)
  4 ice dragons
  A spriggan air mage (Depths:3)
  2 ghost crabs
  8 hydras
  6 anacondas
  A merfolk avatar (Lair:6)
  9 two-headed ogres
  3 ogre magi
  2 deep troll shamans (Depths:1)
  13 dancing weapons
  4 tengu warriors
  2 centaur warriors
  8 alligators
  A deep troll earth mage (Depths:1)
  A spriggan berserker (Depths:4)
  5 naga sharpshooters
  A vampire mage (Depths:1)
  A spectral minotaur (Depths:3)
  2 orc high priests
  A shock serpent (Snake:3)
  6 deep elf knights
  4 large abominations
  2 shadow wraiths (Depths:3)
  A salamander mystic (Snake:3)
  A death drake (Depths:3)
  A fire crab (shapeshifter) (D:12)
  A wizard (Depths:2)
  9 deep trolls
  5 sea snakes
  3 naga ritualists
  2 glowing orange brains
  A shambling mangrove (Lair:2)
  An orange crystal statue (Depths:3)
  2 swamp dragons
  A phantasmal warrior (Depths:3)
  2 flayed ghosts
  11 deep elf archers
  5 mana vipers
  An orc knight (Orc:2)
  A wolf spider zombie (D:15)
  A harpy (shapeshifter) (D:12)
  An obsidian statue (Elf:1)
  A harpy (Lair:6)
  An oklob plant (Lair:2)
  3 shining eyes
  26 deep elf magi
  An ugly thing zombie (Depths:3)
  19 ugly things
  A cyclops (D:15)
  2 manticores
  An ice statue (IceCv)
  2 elephants (Lair:6)
  4 salamanders
  A centaur zombie (D:12)
  7 moths of wrath
  3 guardian serpents (Snake:4)
  2 black mambas (shapeshifter)
  5 naga magi
  13 black mambas
  A gargoyle (D:15)
  A centaur skeleton (D:15)
  3 spiny frogs
  An eye of devastation (Slime:5)
  An efreet (D:13)
  5 yaktaurs
  A rime drake (Lair:6)
  A freezing wraith (Swamp:4)
  An ice devil (IceCv)
  3 spectral merfolk (Depths:3)
  A komodo dragon (Lair:6)
  2 tengu conjurers
  A red devil (Depths:1)
  2 polar bears
  A merfolk (shapeshifter) (Depths:2)
  A troll (D:12)
  9 tyrant leeches
  5 hornets
  2 hippogriffs (D:12)
  2 dream sheep
  3 blink frogs (Lair:6)
  5 bog bodies
  44 slime creatures
  2 raiju (Depths:3)
  A hippogriff (shapeshifter) (D:12)
  A snapping turtle (shapeshifter) (Depths:1)
  3 spriggans
  2 air elementals (Elf:1)
  2 water elementals
  A shadow (Depths:3)
  3 fire elementals
  2 wyverns
  4 basilisks
  4 wraiths
  8 yaks
  A yak (shapeshifter) (D:15)
  A basilisk (shapeshifter) (D:12)
  4 hogs (Swamp:3)
  13 vampire mosquitoes
  3 neqoxecs
  2 chaos spawn (Depths:1)
  2 wargs (Depths:3)
  7 swamp worms
  3 swamp worm simulacra (Swamp:4)
  22 nagas
  23 insubstantial wisps
  9 hydra simulacra (Swamp:4)
  2 porcupines
  8 hell hounds
  5 water moccasins
  A spectral troll (Depths:3)
  A floating eye (Depths:3)
  A spectral spriggan (Depths:3)
  2 swamp drakes
  4 orc warriors
  An ice beast (D:15)
  An eye of draining (Slime:1)
  4 ogres
  3 boggarts
  5 wolves
  3 centaurs (D:15)
  2 crocodiles
  2 big kobolds
  A yaktaur zombie (Depths:3)
  4 bullfrogs
  A merfolk simulacrum (Depths:3)
  A scorpion (D:12)
  3 killer bees (Lair:1)
  2 small abominations (D:11)
  A wight (Depths:3)
  3 electric eels
  2 spectral centaurs (Depths:3)
  3 crimson imps
  3 jellies
  5 orc priests
  4 orc wizards
  A worker ant (D:13)
  2 hell rats (Lair:6)
  An adder (Lair:2)
  2 swamp drake simulacra (Swamp:4)
  14 orcs
  2 goblins (D:12)
  2 kobolds
  A briar patch (Swamp:4)
  4 bushes
  3 crawling corpses (Elf:1)
  22 fungi
  28 plants
766 creatures vanquished.

Vanquished Creatures (others)
  A bone dragon (Zot:5)
  3 profane servitors
  An azure jelly (Swamp:4)
  2 deep elf elementalists (Elf:3)
  7 ghouls
  10 vampire knights
  A yaktaur captain (Depths:2)
  A quicksilver dragon zombie (Zot:3)
  A naga warrior (Snake:4)
  A deep elf knight (Elf:3)
  A storm dragon zombie (Depths:5)
  8 skeletal warriors
  7 flayed ghosts
  A spark wasp zombie (Depths:5)
  A harpy (shapeshifter) (Elf:1)
  8 phantasmal warriors
  A deep elf mage (Elf:3)
  A stone giant zombie (Depths:4)
  A wizard (D:4)
  4 draconian zombies (Zot:5)
  A moth of wrath (Zot:5)
  2 yellow draconian zombies
  A purple draconian zombie (Depths:5)
  5 yaktaur zombies
  2 black draconian zombies (Zot:5)
  4 sea snake zombies
  A red draconian zombie (Zot:5)
  3 green draconian zombies
  A yaktaur (D:15)
  A white draconian zombie (Zot:5)
  2 guardian serpent zombies (Snake:4)
  2 hydra zombies
  3 moth of wrath zombies
  2 ugly thing zombies (D:15)
  An ice dragon zombie (Depths:2)
  2 ettin zombies
  9 black mamba zombies
  6 flying skulls
  15 vampires
  3 wraiths
  2 spriggan zombies (Depths:4)
  6 deep troll zombies
  A naga (Snake:4)
  A human zombie (Depths:2)
  A spectral spriggan (Depths:3)
  3 spiny frog zombies
  A spectral troll (Depths:3)
  An ogre (Depths:1)
  A hornet zombie (Depths:4)
  5 elf zombies
  A boggart (Depths:2)
  A centaur (Depths:1)
  A vampire mosquito zombie (D:15)
  A hog zombie (Swamp:3)
  A salamander zombie (Snake:3)
  A blink frog skeleton (Lair:6)
  3 hell hound zombies (Depths:3)
  8 water moccasin zombies
  2 warg zombies
  A polar bear zombie (Lair:6)
  A spectral centaur (D:12)
  A yak zombie (Lair:6)
  2 wights
  5 wolf zombies
  4 centaur zombies
  14 naga zombies
  5 killer bee zombies
  A sky beast zombie (D:8)
  A mummy (Lair:4)
  3 hell rat zombies (Lair:6)
  An adder zombie (Lair:2)
  7 kobolds
  2 jackal zombies (D:10)
  11 orc zombies
  9 rat skeletons (Orc:2)
  A briar patch (Swamp:4)
  18 fungi
  14 plants
  2 starspawn tentacles (Abyss:2)
  2 withered plants (Snake:2)
273 creatures vanquished.

Grand Total: 2276 creatures vanquished

Notes
Turn   | Place    | Note
-------+----------+-------------------------------------------
     0 | D:1      | dvd the Minotaur Gladiator began the quest for the Orb.
     0 | D:1      | Reached XP level 1. HP: 18/18 MP: 0/0
   178 | D:1      | Reached XP level 2. HP: 24/25 MP: 1/1
   245 | D:1      | Reached skill level 4 in Axes
   706 | D:2      | Found an opulent altar of Gozag.
   805 | D:2      | Reached XP level 3. HP: 30/30 MP: 2/2
  1052 | D:2      | Reached skill level 1 in Armour
  1656 | D:3      | Found a runed gate.
  1656 | D:3      | Found a runed gate.
  1657 | D:3      | Found a runed gate.
  1659 | D:3      | Noticed smtktc's ghost (amateur DECj)
  1666 | D:3      | Killed smtktc's ghost
  1666 | D:3      | Reached skill level 5 in Axes
  1666 | D:3      | Reached XP level 4. HP: 30/38 MP: 3/3
  1917 | D:3      | Reached XP level 5. HP: 45/45 MP: 4/4
  2301 | D:3      | Found a basalt altar of Yredelemnul.
  2307 | D:3      | Became a worshipper of Yredelemnul the Dark
  2678 | D:4      | Reached skill level 6 in Axes
  2686 | D:4      | Reached XP level 6. HP: 18/51 MP: 5/5
  2965 | D:4      | Found a glowing golden altar of the Shining One.
  3021 | D:4      | Reached skill level 7 in Axes
  3039 | D:5      | Entered Level 5 of the Dungeon
  3198 | D:5      | Reached XP level 7. HP: 58/59 MP: 6/6
  3804 | D:4      | Found a bloodstained altar of Trog.
  3805 | D:4      | Noticed a wizard
  3810 | D:4      | Killed a wizard
  4052 | D:5      | Reached skill level 8 in Axes
  4146 | D:5      | Found a blossoming altar of Fedhas.
  4160 | D:5      | Reached * piety under Yredelemnul
  4290 | D:5      | Reached XP level 8. HP: 67/67 MP: 7/7
  4551 | D:6      | Found a staircase to the Ecumenical Temple.
  4602 | D:6      | Got a pitted copper ring
  4603 | D:6      | Identified the ring "Qelinloc" {Fire -Tele +Fly rElec
                  | Int+4} (You found it on level 6 of the Dungeon)
  4659 | D:6      | Found a shimmering altar of Xom.
  4665 | D:6      | Reached skill level 9 in Axes
  4766 | D:6      | Reached skill level 5 in Armour
  4774 | D:6      | Found a sand-covered staircase.
  4778 | D:6      | Noticed Prince Ribbit
  4792 | D:6      | Killed Prince Ribbit
  4792 | D:6      | Reached skill level 5 in Fighting
  4792 | D:6      | Reached skill level 5 in Dodging
  4862 | Ossuary  | Entered an ossuary
  4877 | Ossuary  | Reached skill level 10 in Axes
  4967 | Ossuary  | Reached ** piety under Yredelemnul
  5388 | D:6      | Noticed Blork the orc
  5396 | D:6      | Killed Blork the orc
  5409 | D:6      | Reached skill level 1 in Stealth
  5409 | D:6      | Reached XP level 9. HP: 40/75 MP: 8/8
  5573 | D:6      | Noticed Edmund
  5582 | D:6      | Killed Edmund
  5626 | D:6      | Reached skill level 11 in Axes
  6057 | D:7      | Found a radiant altar of Vehumet.
  6241 | D:7      | Found a glowing silver altar of Zin.
  6314 | D:7      | Reached skill level 1 in Invocations
  6417 | D:7      | Found an ornate altar of the Wu Jian Council.
  6974 | D:8      | Reached *** piety under Yredelemnul
  7129 | D:8      | Reached skill level 12 in Axes
  7462 | D:9      | Noticed a guardian serpent
  7496 | D:9      | Found a hazy altar of Hepliaklqana.
  7514 | D:9      | Noticed a guardian serpent
  7540 | D:9      | Killed a guardian serpent
  7540 | D:9      | Reached XP level 10. HP: 36/86 MP: 8/10
  8207 | D:9      | Killed a guardian serpent
  8582 | D:10     | Entered Level 10 of the Dungeon
  8615 | D:10     | Found Tacseor's Antique Armour Shoppe.
  8625 | D:10     | Got a crystal war axe
  8626 | D:10     | Identified the +9 war axe "Suzyh" {chop, rC+ MP+9 Dex+6}
                  | (You found it on level 10 of the Dungeon)
  8629 | D:10     | Bought a glowing chain mail for 202 gold pieces
  8629 | D:10     | Bought a pair of embroidered gloves for 202 gold pieces
  8733 | D:10     | Found a hazy altar of Hepliaklqana.
  9083 | D:10     | Noticed Nergalle
  9086 | D:10     | Reached **** piety under Yredelemnul
  9093 | D:10     | Killed Nergalle
  9277 | D:10     | Found a staircase to the Lair.
  9573 | D:10     | Noticed Maurice
  9586 | D:10     | Killed Maurice
  9586 | D:10     | Reached skill level 13 in Axes
  9586 | D:10     | Received a gift from Yredelemnul (a wight)
  9664 | Lair:1   | Entered Level 1 of the Lair of Beasts
  9674 | D:10     | Reached skill level 5 in Throwing
 10010 | Lair:1   | Reached XP level 11. HP: 45/93 MP: 12/12
 10148 | Lair:1   | Noticed Harold
 10159 | Lair:1   | Killed Harold
 10686 | Lair:1   | Received a gift from Yredelemnul (a mummy)
 10970 | Lair:2   | Reached skill level 14 in Axes
 10993 | Lair:2   | Found a staircase to the Snake Pit.
 11024 | Lair:2   | Noticed an oklob plant
 11025 | Lair:2   | Noticed a shambling mangrove
 11025 | Lair:2   | an oklob plant changed into a shambling mangrove
 11028 | Lair:2   | Noticed an oklob plant
 11039 | Lair:2   | Killed a shambling mangrove
 11569 | Lair:2   | Noticed an oklob plant
 11923 | Lair:2   | Killed an oklob plant
 11936 | Lair:2   | Killed an oklob plant
 12112 | Lair:3   | Received a gift from Yredelemnul (4 flying skulls)
 12477 | Lair:3   | Reached skill level 5 in Stealth
 12653 | Lair:3   | Noticed a four-headed hydra
 12664 | Lair:3   | Killed a four-headed hydra
 12686 | Lair:3   | Noticed a catoblepas
 12700 | Lair:3   | Killed a catoblepas
 12700 | Lair:3   | Reached XP level 12. HP: 67/104 MP: 14/14
 12939 | Lair:3   | Received a gift from Yredelemnul (a wraith)
 13228 | Lair:4   | Reached skill level 5 in Invocations
 13231 | Lair:4   | Reached skill level 15 in Axes
 13238 | Lair:4   | Reached ***** piety under Yredelemnul
 13502 | Lair:4   | Found a staircase to the Swamp.
 13509 | Lair:4   | Received a gift from Yredelemnul (5 flying skulls)
 13706 | Lair:4   | Found a blossoming altar of Fedhas.
 14682 | Lair:5   | Found a snail-covered altar of Cheibriados.
 14691 | Lair:5   | Identified a scroll of acquirement
 14692 | Lair:5   | Got a pair of warped gloves
 14703 | Lair:5   | Identified the +1 pair of gloves of Okawaru's Envy {Dex+7}
                  | (You acquired it on level 5 of the Lair of Beasts)
 14758 | Lair:5   | Reached skill level 1 in Shields
 14855 | Lair:5   | Reached skill level 10 in Fighting
 15301 | Lair:6   | Entered Level 6 of the Lair of Beasts
 15310 | Lair:6   | Noticed a five-headed hydra
 15323 | Lair:6   | Killed a three-headed hydra
 15344 | Lair:6   | Reached skill level 16 in Axes
 15347 | Lair:6   | Reached XP level 13. HP: 34/114 MP: 12/16
 15713 | Lair:6   | Reached skill level 10 in Armour
 15713 | Lair:6   | Received a gift from Yredelemnul (a wraith)
 15717 | Lair:6   | Noticed Sonja
 15982 | Lair:6   | Received a gift from Yredelemnul (a wight)
 16055 | Lair:6   | Gained mutation: You have supernaturally acute eyesight.
                  | (SInv) [potion of mutation]
 16055 | Lair:6   | Gained mutation: Your movements are slightly less
                  | encumbered by armour. (ER -2) [potion of mutation]
 16055 | Lair:6   | Gained mutation: Your spells are a little harder to cast,
                  | but a little more powerful. [potion of mutation]
 16097 | Lair:6   | Killed Sonja
 16270 | Lair:6   | Found a staircase to the Slime Pits.
 16325 | Lair:6   | Noticed a dire elephant
 16343 | Lair:6   | Killed a dire elephant
 16511 | Lair:6   | Received a gift from Yredelemnul (a vampire)
 16875 | D:11     | Found Sigru's Weapon Emporium.
 16962 | D:11     | Found a staircase to the Orcish Mines.
 16966 | D:11     | Received a gift from Yredelemnul (a vampire)
 17872 | D:11     | Received a gift from Yredelemnul (a phantasmal warrior)
 17939 | D:11     | Got a pitted bone amulet
 17940 | D:11     | Identified the amulet of Fallacy {Reflect rPois SH+3 SInv}
                  | (You found it on level 11 of the Dungeon)
 18151 | Orc:1    | Entered Level 1 of the Orcish Mines
 18357 | Orc:2    | Entered Level 2 of the Orcish Mines
 18360 | Orc:2    | Noticed Urug
 18370 | Orc:2    | Killed Urug
 18435 | Orc:2    | Found Enogeghiph's Distillery.
 18443 | Orc:2    | Bought a potion of degeneration for 15 gold pieces
 18464 | Orc:1    | Noticed Erolcha
 18467 | Orc:1    | Killed Erolcha
 18490 | Orc:1    | Received a gift from Yredelemnul (a skeletal warrior)
 18941 | Orc:2    | Reached XP level 14. HP: 103/125 MP: 19/19
 18979 | Orc:2    | Reached skill level 17 in Axes
 18985 | Orc:2    | Reached ****** piety under Yredelemnul
 18986 | Orc:2    | Received a gift from Yredelemnul (3 flying skulls)
 18989 | Orc:2    | Found Qunauq's Jewellery Shop.
 18989 | Orc:2    | Found Owoireb's Armour Emporium.
 18992 | Orc:2    | Found Juluzeon's Magic Scroll Shop.
 18992 | Orc:2    | Found Istral's Antique Armour Emporium.
 19011 | Orc:2    | Bought a slimy ring mail for 333 gold pieces
 19021 | Orc:2    | Identified the +10 ring mail of Disaster {MP+9 Str+4} (You
                  | bought it in a shop on level 2 of the Orcish Mines)
 19159 | Orc:2    | Bought a +0 shield for 63 gold pieces
 19309 | Orc:2    | Found a staircase to the Elven Halls.
 19592 | Snake:1  | Entered Level 1 of the Snake Pit
 19625 | Snake:1  | Reached skill level 5 in Shields
 19660 | Snake:1  | Identified Zathratupt's Handbook of Battle Magic
 19921 | Snake:1  | Found a runed gate.
 20238 | Snake:1  | Found a runed gate.
 20239 | Snake:1  | Found a runed gate.
 20637 | Snake:1  | Identified the +3 leather armour of Dramatic Exits {Str+3}
                  | (You found it on level 1 of the Snake Pit)
 20736 | Snake:2  | Received a gift from Yredelemnul (a skeletal warrior)
 20742 | Snake:2  | Noticed Asterion
 20754 | Snake:2  | Noticed an Executioner
 20759 | Snake:2  | Killed Asterion
 21082 | Snake:2  | Reached XP level 15. HP: 111/134 MP: 21/21
 21103 | Snake:2  | Noticed a nagaraja
 21110 | Snake:2  | Killed a nagaraja
 21112 | Snake:2  | Found Qougrogu's Gadget Shoppe.
 21115 | Snake:2  | Found Ticzyap's Gadget Shoppe.
 21115 | Snake:2  | Found Qyla Die's Magic Scroll Emporium.
 21120 | Snake:2  | Found Zumeuxergh's Antique Armour Emporium.
 21147 | Snake:2  | Bought a pitted cloak for 313 gold pieces
 21157 | Snake:2  | Identified the +0 cloak of the Republic {rElec} (You bought
                  | it in a shop on level 2 of the Snake Pit)
 21237 | Snake:2  | Noticed a nagaraja
 21246 | Snake:2  | Killed a nagaraja
 21335 | Snake:2  | Noticed a nagaraja
 21336 | Snake:2  | Received a gift from Yredelemnul (a wraith)
 21345 | Snake:2  | Found a runed gate.
 21346 | Snake:2  | Found a runed gate.
 21346 | Snake:2  | Found a runed gate.
 21352 | Snake:2  | Killed a nagaraja
 21353 | Snake:2  | Noticed Siufri's ghost (adept GrFi)
 21361 | Snake:2  | Noticed Jummob's ghost (journeyman DEFE)
 21361 | Snake:2  | Noticed Obawnol's ghost (adept DrGl)
 21368 | Snake:2  | Noticed Jummob's ghost (journeyman DEFE)
 21598 | Snake:2  | Noticed a nagaraja
 21615 | Snake:2  | Killed a nagaraja
 21720 | Snake:2  | Killed Siufri's ghost
 21729 | Snake:2  | Killed Jummob's ghost
 21744 | Snake:2  | Killed Obawnol's ghost
 21746 | Snake:2  | Killed Jummob's ghost
 21765 | Snake:2  | Identified the Tome of Helpful Black Secrets
 21853 | Snake:3  | Received a gift from Yredelemnul (a wraith)
 22042 | Snake:3  | Reached skill level 10 in Invocations
 22120 | Snake:3  | Reached skill level 10 in Dodging
 22221 | Snake:3  | Noticed Nikola
 22237 | Snake:3  | Killed Nikola
 22411 | Snake:3  | Reached skill level 18 in Axes
 22499 | Snake:3  | Received a gift from Yredelemnul (a phantasmal warrior)
 22501 | Snake:3  | Reached skill level 10 in Shields
 22947 | Snake:4  | Entered Level 4 of the Snake Pit
 22954 | Snake:4  | Received a gift from Yredelemnul (a phantasmal warrior)
 23165 | Snake:4  | Noticed a nagaraja
 23173 | Snake:4  | Received a gift from Yredelemnul (a vampire knight)
 23174 | Snake:4  | Killed a nagaraja
 23174 | Snake:4  | Reached XP level 16. HP: 136/146 MP: 22/22
 23199 | Snake:4  | Received a gift from Yredelemnul (a skeletal warrior)
 23328 | Snake:4  | Received a gift from Yredelemnul (a vampire knight)
 23351 | Snake:4  | Received a gift from Yredelemnul (a skeletal warrior)
 23375 | Snake:4  | Got a serpentine rune of Zot
 24011 | Swamp:1  | Entered Level 1 of the Swamp
 24053 | Swamp:1  | Received a gift from Yredelemnul (a profane servitor)
 24138 | Swamp:1  | Received a gift from Yredelemnul (a profane servitor)
 24467 | Swamp:1  | Received a gift from Yredelemnul (a vampire knight)
 24699 | Swamp:2  | Received a gift from Yredelemnul (a vampire)
 24845 | Swamp:2  | Received a gift from Yredelemnul (a bone dragon)
 25255 | Swamp:3  | Received a gift from Yredelemnul (a vampire knight)
 25320 | Swamp:3  | Noticed Kirke
 25326 | Swamp:3  | Killed Kirke
 25426 | Swamp:3  | Received a gift from Yredelemnul (a flayed ghost)
 25464 | Swamp:3  | Learned a level 3 spell: Regeneration
 25885 | Swamp:4  | Entered Level 4 of the Swamp
 25976 | Swamp:4  | Reached skill level 1 in Spellcasting
 26198 | Swamp:4  | Reached XP level 17. HP: 154/154 MP: 24/24
 26209 | Swamp:4  | Received a gift from Yredelemnul (a phantasmal warrior)
 26212 | Swamp:4  | Reached skill level 1 in Charms
 26212 | Swamp:4  | Reached skill level 1 in Necromancy
 26631 | Swamp:4  | Received a gift from Yredelemnul (a vampire)
 26642 | Swamp:4  | Got a decaying rune of Zot
 27128 | D:12     | Found a runed gate.
 27128 | D:12     | Found a runed gate.
 27128 | D:12     | Found a runed gate.
 27147 | D:12     | Received a gift from Yredelemnul (a vampire)
 27366 | D:12     | Found a flagged portal.
 27376 | Bailey   | Entered a bailey
 27431 | Bailey   | Received a gift from Yredelemnul (a skeletal warrior)
 27449 | Bailey   | Found an iron altar of Okawaru.
 27762 | D:12     | Found a runed gate.
 27762 | D:12     | Found a runed gate.
 27776 | D:12     | Found a runed gate.
 27777 | D:12     | Noticed Error4North's ghost (journeyman MiFi)
 27786 | D:12     | Received a gift from Yredelemnul (a vampire)
 27793 | D:12     | Killed Error4North's ghost
 27793 | D:12     | Reached skill level 15 in Fighting
 28419 | D:13     | Received a gift from Yredelemnul (a ghoul)
 28698 | D:14     | Received a gift from Yredelemnul (a flayed ghost)
 28921 | D:14     | Found a gate to the Vaults.
 28978 | D:15     | Entered Level 15 of the Dungeon
 29078 | D:15     | Noticed Azrael
 29082 | D:15     | Received a gift from Yredelemnul (a phantasmal warrior)
 29087 | D:15     | Killed Azrael
 29294 | D:15     | Received a gift from Yredelemnul (a skeletal warrior)
 29302 | D:15     | Found a blossoming altar of Fedhas.
 29424 | D:15     | Received a gift from Yredelemnul (a vampire)
 29452 | D:15     | Found a staircase to the Depths.
 29896 | Elf:1    | Entered Level 1 of the Elven Halls
 29942 | Elf:1    | Found a runed gate.
 29945 | Elf:1    | Found an opulent altar of Gozag.
 30053 | Elf:1    | Found a frozen archway.
 30089 | IceCv    | Entered an ice cave
 30116 | IceCv    | Received a gift from Yredelemnul (a vampire knight)
 30188 | IceCv    | Received a gift from Yredelemnul (a flayed ghost)
 30307 | IceCv    | Noticed an Ice Fiend
 30316 | IceCv    | Killed an Ice Fiend
 30321 | IceCv    | Got a transparent ring mail
 30324 | IceCv    | Got a fine robe
 30325 | IceCv    | Identified the +4 ring mail of Buodiet {+Inv rPois Regen+
                  | Int-5} (You found it in an ice cave)
 30326 | IceCv    | Identified the +5 robe of Hupoir {Str+5 Slay-5} (You found
                  | it in an ice cave)
 30343 | IceCv    | Got a bloodstained halberd
 30344 | IceCv    | Identified the cursed +1 halberd "Aquleisez" {drain, MP+9}
                  | (You found it in an ice cave)
 30675 | Elf:1    | Reached XP level 18. HP: 143/163 MP: 26/26
 30687 | Elf:1    | Reached skill level 10 in Stealth
 30687 | Elf:1    | Received a gift from Yredelemnul (a phantasmal warrior)
 30710 | Elf:1    | Identified the Reference Book on Earth
 30759 | Elf:1    | Got a crude lead ring
 30761 | Elf:1    | Identified the ring of Zirphuess {rPois MR+ Int-5 Dex-2
                  | Stlth+} (You took it off a deep elf mage on level 1 of the
                  | Elven Halls)
 30903 | Elf:1    | Found the +10 Black Knight's horse barding {ponderous,
                  | rPois rN+}
 31412 | Elf:1    | Found a runed gate.
 31412 | Elf:1    | Found a runed gate.
 31419 | Elf:1    | Found Etoudig's Assorted Antiques.
 31419 | Elf:1    | Found Sauwnumeh's Assorted Antiques.
 31419 | Elf:1    | Noticed Liotz's ghost (veteran MiFi)
 31430 | Elf:1    | Received a gift from Yredelemnul (a ghoul)
 31439 | Elf:1    | Killed Liotz's ghost
 31883 | Elf:2    | Received a gift from Yredelemnul (a vampire)
 31967 | Elf:2    | Found a runed gate.
 31967 | Elf:2    | Found a runed gate.
 31968 | Elf:2    | Found a runed gate.
 32256 | Elf:2    | Received a gift from Yredelemnul (a flayed ghost)
 32467 | Elf:2    | Reached skill level 5 in Necromancy
 32683 | Elf:3    | Entered Level 3 of the Elven Halls
 32771 | Elf:3    | Received a gift from Yredelemnul (a flayed ghost)
 32854 | Elf:3    | Found Ysipeh's Antique Weapon Shoppe.
 32987 | Elf:3    | Noticed Frank's ghost (veteran GrFi)
 33014 | Elf:3    | Found a runed gate.
 33014 | Elf:3    | Found a runed gate.
 33014 | Elf:3    | Found a runed gate.
 33037 | Elf:3    | Received a gift from Yredelemnul (a vampire knight)
 33073 | Elf:3    | Killed Frank's ghost
 33086 | Elf:3    | Got an ancient scale mail
 33087 | Elf:3    | Identified the +2 scale mail of Abstinence {Dex+3} (You
                  | found it on level 3 of the Elven Halls)
 33288 | Elf:3    | Cast into level 2 of the Abyss (a deep elf demonologist)
 33352 | Elf:3    | Escaped the Abyss
 33360 | Elf:3    | Reached skill level 19 in Axes
 33369 | Elf:3    | Received a gift from Yredelemnul (a vampire)
 33385 | Elf:3    | Reached XP level 19. HP: 146/172 MP: 27/27
 33397 | Elf:3    | Got a slimy amethyst amulet
 33417 | Elf:3    | Identified the amulet "Fysu" {Faith rPois Stlth+} (You took
                  | it off a deep elf mage on level 3 of the Elven Halls)
 33459 | Elf:3    | Got a pitted hand axe
 33467 | Elf:3    | Identified the +3 hand axe of Tumult {chop, Dex+3} (You
                  | found it on level 3 of the Elven Halls)
 33480 | Elf:3    | Identified the amulet of Roujom {Spirit Str+5 Slay+6
                  | Stlth-} (You took it off a deep elf annihilator on level 3
                  | of the Elven Halls)
 33488 | Elf:3    | Identified the amulet of the Heavens {Harm *Drain Dex+8}
                  | (You found it on level 3 of the Elven Halls)
 33520 | Elf:3    | Identified the +1 chain mail "Sofes" {rC+++ rN++ rCorr
                  | Int-2} (You found it on level 3 of the Elven Halls)
 33566 | Elf:3    | Identified Xygyar's Almanac of Attacks and Aid
 33611 | Elf:3    | Got a crude hand axe
 33612 | Elf:3    | Identified the +7 hand axe "Fugrafamp" {chop, MR+} (You
                  | found it on level 3 of the Elven Halls)
 33634 | Elf:3    | Got an ebony flail
 33635 | Elf:3    | Identified the +9 flail "Yneruynidd" {crush, rElec MR-
                  | Str+7 Dex+2} (You found it on level 3 of the Elven Halls)
 34079 | Slime:1  | Entered Level 1 of the Pits of Slime
 34107 | Slime:1  | Received a gift from Yredelemnul (a vampire knight)
 34204 | Slime:2  | Gained mutation: You occasionally shout uncontrollably at
                  | your foes. [a shining eye]
 34205 | Slime:2  | Gained mutation: You are dopey. (Int -2) [a shining eye]
 34209 | Slime:2  | Received a gift from Yredelemnul (a skeletal warrior)
 34379 | Slime:3  | Received a gift from Yredelemnul (a ghoul)
 34607 | Slime:5  | Entered Level 5 of the Pits of Slime
 34652 | Slime:5  | Received a gift from Yredelemnul (a vampire)
 34667 | Slime:5  | Noticed the Royal Jelly
 34679 | Slime:5  | Received a gift from Yredelemnul (a vampire knight)
 34681 | Slime:5  | Killed the Royal Jelly
 34716 | Slime:5  | Identified the Reference Book on Displaced Envenoming
 34737 | Slime:5  | Got a slimy rune of Zot
 34820 | Slime:5  | Identified the Volume of Companions
 35225 | Depths:1 | Entered Level 1 of the Depths
 35297 | Depths:1 | Found a gateway to a ziggurat.
 35299 | Depths:1 | Found a gateway to Hell.
 35362 | Depths:1 | Received a gift from Yredelemnul (a profane servitor)
 35405 | Depths:1 | Found a one-way gate leading to the halls of Pandemonium.
 35467 | Depths:1 | Received a gift from Yredelemnul (a ghoul)
 35505 | Depths:1 | Reached skill level 5 in Charms
 35550 | Depths:1 | Found a one-way gate to the infinite horrors of the Abyss.
 35571 | Depths:1 | Received a gift from Yredelemnul (a ghoul)
 35650 | Depths:1 | Reached skill level 5 in Spellcasting
 35731 | Depths:3 | Received a gift from Yredelemnul (a vampire)
 35731 | Depths:3 | Reached XP level 20. HP: 151/182 MP: 29/29
 35780 | Depths:4 | Found Yhet's Assorted Antiques.
 35789 | Depths:4 | Received a gift from Yredelemnul (a phantasmal warrior)
 35851 | Depths:5 | Entered Level 5 of the Depths
 35948 | Depths:5 | Found a gate to the Realm of Zot.
 35949 | Depths:5 | Noticed a bone dragon
 35971 | Depths:5 | Killed a bone dragon
 36002 | Depths:5 | Noticed a golden dragon
 36006 | Zot:1    | Entered Level 1 of the Realm of Zot
 36033 | Zot:1    | Received a gift from Yredelemnul (a vampire)
 36186 | Zot:2    | Received a gift from Yredelemnul (a vampire knight)
 36364 | Zot:3    | Received a gift from Yredelemnul (a skeletal warrior)
 36641 | Zot:4    | Noticed a golden dragon
 36648 | Zot:4    | Killed a golden dragon
 36651 | Zot:4    | Reached skill level 15 in Shields
 36685 | Zot:4    | Received a gift from Yredelemnul (a vampire knight)
 37336 | Zot:5    | Entered Level 5 of the Realm of Zot
 37340 | Zot:5    | Reached XP level 21. HP: 166/190 MP: 15/30
 37343 | Zot:5    | Received a gift from Yredelemnul (a vampire)
 37363 | Zot:5    | Noticed a curse toe
 37371 | Zot:5    | Killed a curse toe
 37597 | Zot:5    | Noticed an orb of fire
 37605 | Zot:5    | Killed an orb of fire
 37883 | Zot:5    | Received a gift from Yredelemnul (a vampire)
 37923 | Zot:5    | Noticed an orb of fire
 37924 | Zot:5    | Noticed an orb of fire
 37931 | Zot:5    | Gained mutation: You are occasionally teleported next to
                  | monsters. [an orb of fire]
 37935 | Zot:5    | Gained mutation: Armour fits poorly on your strangely
                  | shaped body. [an orb of fire]
 37942 | Zot:5    | Gained mutation: Potions are less effective at restoring
                  | your health. [an orb of fire]
 37944 | Zot:5    | Killed an orb of fire
 37945 | Zot:5    | Gained mutation: Potions are poor at restoring your health.
                  | [an orb of fire]
 37954 | Zot:5    | Gained mutation: You are weak. (Str -2) [an orb of fire]
 37955 | Zot:5    | Lost mutation: You have supernaturally acute eyesight.
                  | (SInv) [an orb of fire]
 37956 | Zot:5    | Gained mutation: Your natural rate of healing is unusually
                  | fast. [an orb of fire]
 37962 | Zot:5    | Killed an orb of fire
 37963 | Zot:5    | Received a gift from Yredelemnul (a phantasmal warrior)
 38003 | Zot:4    | Lost mutation: You are occasionally teleported next to
                  | monsters. [potion of mutation]
 38003 | Zot:4    | Lost mutation: Your spells are a little harder to cast, but
                  | a little more powerful. [potion of mutation]
 38003 | Zot:4    | Gained mutation: You have sharp toenails. [potion of
                  | mutation]
 38003 | Zot:4    | Lost mutation: You are dopey. (Int -2) [potion of mutation]
 38379 | Zot:5    | Noticed an orb of fire
 38380 | Zot:5    | Gained mutation: Your magical capacity is low. (-10% MP)
                  | [an orb of fire]
 38381 | Zot:5    | Noticed an orb of fire
 38382 | Zot:5    | Gained mutation: You are very weak. (Str -4) [an orb of
                  | fire]
 38388 | Zot:5    | Killed an orb of fire
 38390 | Zot:5    | Gained mutation: Your body sometimes deteriorates upon
                  | taking damage. [an orb of fire]
 38396 | Zot:5    | Killed an orb of fire
 38396 | Zot:5    | Reached skill level 20 in Axes
 38399 | Zot:5    | HP: 8/191 [Orb Guardian (19)]
 38432 | Zot:5    | HP: 1/191 [Orb Guardian (14)]
 38468 | Zot:5    | Noticed an ancient lich
 38601 | Zot:4    | Lost mutation: You are very weak. (Str -4) [potion of
                  | mutation]
 38601 | Zot:4    | Lost mutation: Your movements are slightly less encumbered
                  | by armour. (ER -2) [potion of mutation]
 38601 | Zot:4    | Lost mutation: You have sharp toenails. [potion of
                  | mutation]
 38601 | Zot:4    | Lost mutation: Your body sometimes deteriorates upon taking
                  | damage. [potion of mutation]
 38601 | Zot:4    | Gained mutation: You sometimes yell uncontrollably at your
                  | foes. [potion of mutation]
 38601 | Zot:4    | Lost mutation: Your natural rate of healing is unusually
                  | fast. [potion of mutation]
 38601 | Zot:4    | Gained mutation: Your flesh is heat resistant. (rF+)
                  | [potion of mutation]
 38602 | Zot:4    | Lost mutation: Your magical capacity is low. (-10% MP)
                  | [potion of mutation]
 38602 | Zot:4    | Lost mutation: You sometimes yell uncontrollably at your
                  | foes. [potion of mutation]
 38602 | Zot:4    | Lost mutation: Armour fits poorly on your strangely shaped
                  | body. [potion of mutation]
 38602 | Zot:4    | Lost mutation: Your flesh is heat resistant. (rF+) [potion
                  | of mutation]
 38602 | Zot:4    | Gained mutation: You expend magic power (3 MP) to
                  | strengthen your wands. [potion of mutation]
 38602 | Zot:4    | Gained mutation: Armour fits poorly on your strangely
                  | shaped body. [potion of mutation]
 38602 | Zot:4    | Gained mutation: You have a pair of large horns on your
                  | head. [potion of mutation]
 38605 | Zot:4    | Lost mutation: Armour fits poorly on your strangely shaped
                  | body. [potion of mutation]
 38605 | Zot:4    | Lost mutation: You have a pair of large horns on your head.
                  | [potion of mutation]
 38605 | Zot:4    | Lost mutation: You are weak. (Str -2) [potion of mutation]
 38605 | Zot:4    | Gained mutation: You are robust. (+10% HP) [potion of
                  | mutation]
 38605 | Zot:4    | Gained mutation: You possess an exceptional clarity of
                  | mind. [potion of mutation]
 38834 | Zot:2    | Reached XP level 22. HP: 187/220 MP: 32/32
 39619 | Depths:2 | Reached skill level 15 in Invocations
 39632 | Depths:2 | Noticed Louise
 39661 | Depths:2 | Killed Louise
 39980 | Depths:2 | Gained mutation: Your magical capacity is low. (-10% MP)
                  | [the power of Zot]
 40010 | Depths:2 | Noticed Saint Roka
 40033 | Depths:2 | Killed Saint Roka
 40248 | Depths:2 | Received a gift from Yredelemnul (a flayed ghost)
 40363 | Depths:2 | Noticed an ancient lich
 40369 | Depths:2 | Killed an ancient lich
 40393 | Depths:2 | Got a wavering iron amulet
 40394 | Depths:2 | Identified the amulet "Afiow" {Gourm rElec Int+4} (You
                  | acquired it on level 2 of the Depths)
 40666 | Depths:2 | Received a gift from Yredelemnul (a profane servitor)
 41166 | Depths:3 | Received a gift from Yredelemnul (a ghoul)
 41303 | Depths:3 | Noticed an ancient lich
 41310 | Depths:3 | Killed an ancient lich
 41310 | Depths:3 | Reached skill level 1 in Evocations
 41608 | Depths:3 | Received a gift from Yredelemnul (a flayed ghost)
 41939 | Depths:3 | Received a gift from Yredelemnul (a vampire knight)
 41944 | Depths:3 | Reached XP level 23. HP: 231/231 MP: 29/29
 41945 | Depths:3 | Reached XP level 24. HP: 239/239 MP: 30/30
 42515 | Depths:4 | Found a runed door.
 42726 | Depths:4 | Received a gift from Yredelemnul (a profane servitor)
 42755 | Depths:4 | Reached XP level 25. HP: 167/248 MP: 30/30
 42874 | Depths:4 | Identified the +4 flail of the Magi {distort, Str+3} (You
                  | found it on level 4 of the Depths)
 43399 | Zot:5    | Noticed an orb of fire
 43401 | Zot:5    | Gained mutation: Your body sometimes deteriorates upon
                  | taking damage. [an orb of fire]
 43402 | Zot:5    | Noticed an orb of fire
 43409 | Zot:5    | Noticed an orb of fire
 43410 | Zot:5    | Killed an orb of fire
 43410 | Zot:5    | Reached skill level 21 in Axes
 43414 | Zot:5    | Lost mutation: You are robust. (+10% HP) [an orb of fire]
 43416 | Zot:5    | Gained mutation: Scrolls take you a little longer to read.
                  | [an orb of fire]
 43420 | Zot:5    | Gained mutation: You are frail. (-10% HP) [an orb of fire]
 43423 | Zot:5    | Killed an orb of fire
 43425 | Zot:5    | Lost mutation: You possess an exceptional clarity of mind.
                  | [an orb of fire]
 43427 | Zot:5    | Killed an orb of fire
 43434 | Zot:5    | Received a gift from Yredelemnul (a ghoul)
 43532 | Zot:5    | Received a gift from Yredelemnul (a vampire)
 43535 | Zot:5    | Got the Orb of Zot
 43586 | Zot:5    | Killed an ancient lich
 43774 | Depths:5 | Lost mutation: Scrolls take you a little longer to read.
                  | [potion of mutation]
 43774 | Depths:5 | Lost mutation: Your body sometimes deteriorates upon taking
                  | damage. [potion of mutation]
 43774 | Depths:5 | Gained mutation: You are very frail. (-20% HP) [potion of
                  | mutation]
 43774 | Depths:5 | Gained mutation: Your spells are a little easier to cast,
                  | but a little less powerful. [potion of mutation]
 43774 | Depths:5 | Lost mutation: Your spells are a little easier to cast, but
                  | a little less powerful. [potion of mutation]
 43774 | Depths:5 | Gained mutation: Your spells are a little harder to cast,
                  | but a little more powerful. [potion of mutation]
 43775 | Depths:5 | Lost mutation: You are very frail. (-20% HP) [potion of
                  | mutation]
 43775 | Depths:5 | Lost mutation: You are frail. (-10% HP) [potion of
                  | mutation]
 43775 | Depths:5 | Lost mutation: Your magical capacity is low. (-10% MP)
                  | [potion of mutation]
 43775 | Depths:5 | Lost mutation: You occasionally shout uncontrollably at
                  | your foes. [potion of mutation]
 43775 | Depths:5 | Gained mutation: You evolve. [potion of mutation]
 43775 | Depths:5 | Lost mutation: You evolve. [potion of mutation]
 43775 | Depths:5 | Gained mutation: You are dopey. (Int -2) [potion of
                  | mutation]
 43775 | Depths:5 | Gained mutation: You are partially covered in large bone
                  | plates. (SH +4) [potion of mutation]
 43842 | Depths:1 | Received a gift from Yredelemnul (a phantasmal warrior)
 43898 | D:15     | Noticed Vofeocs the pandemonium lord
 43920 | D:15     | Killed Vofeocs the pandemonium lord
 43941 | D:15     | HP: 4/228 [Hell Sentinel/damnation[Vofeocs] (39)]
 43943 | D:15     | Killed from afar by a Hell Sentinel

Skill      XL: |  1  2  3  4  5  6  7  8  9 10 11 12 13 14 15 16 17 18 19 20 21 22 23 24 25 |
---------------+----------------------------------------------------------------------------+-----
Axes           | 4 5 6 7 8 10 12 13 14 16 17 18 19 20 21 | 21.3
Armour         | 2 3 4 5 6 7 8 9 10 11 12 13 14 | 14.7
Fighting       | 3 4 5 7 9 10 11 12 14 15 16 17 18 19 | 19.2
Dodging        | 4 5 6 7 8 9 10 11 12 | 12.6
Stealth        | 1 2 3 5 6 7 8 9 11 12 13 | 13.5
Throwing       | 3 5 6 |  6.6
Invocations    | 1 3 4 6 8 9 10 11 12 13 14 15 | 15.8
Shields        | 2 4 7 10 12 13 14 15 16 17 | 17.9
Spellcasting   | 1 3 4 5 6 7 |  7.8
Charms         | 3 4 5 6 7 |  7.8
Necromancy     | 4 5 6 7 8 |  8.7
Evocations     | 1 2 |  2.6

Action                   |  1- 3 |  4- 6 |  7- 9 | 10-12 | 13-15 | 16-18 | 19-21 | 22-24 | 25-27 || total
-------------------------+-------+-------+-------+-------+-------+-------+-------+-------+-------++-------
Melee: War axe           |    91 |    93 |   334 |   325 |   588 |   775 |   630 |   496 |   203 ||  3535
       Headbutt          |     7 |    11 |    57 |    85 |   207 |   280 |   259 |   211 |    86 ||  1203
       Broad axe         |       |       |       |     3 |    37 |    56 |       |       |       ||    96
Throw: Throwing net      |     5 |       |     4 |     3 |     1 |       |       |       |       ||    13
       Javelin           |     3 |     2 |    19 |    32 |     5 |     1 |     2 |       |       ||    64
       Tomahawk          |       |       |       |     7 |       |       |     5 |       |       ||    12
 Cast: Regeneration      |       |       |       |       |       |     9 |    25 |    13 |     5 ||    52
Invok: Animate Remains   |       |       |     5 |       |       |       |       |       |       ||     5
       Animate Dead      |       |       |     2 |    36 |    49 |    70 |    36 |    25 |     7 ||   225
       Recall Undead Sla |       |       |     1 |     3 |    16 |    29 |    13 |     2 |     2 ||    66
       Drain Life        |       |       |       |     1 |     5 |    12 |    37 |     2 |     7 ||    64
       Enslave Soul      |       |       |       |       |       |     1 |       |       |       ||     1
       Injury Mirror     |       |       |       |       |       |     2 |     2 |       |       ||     4
 Abil: Evoke Flight      |       |       |       |       |       |       |       |     7 |       ||     7
       Stop Flying       |       |       |       |       |       |       |       |     1 |       ||     1
Evoke: Wand              |       |       |       |     2 |     3 |     2 |     4 |       |     3 ||    14
  Use: Scroll            |       |       |     4 |    25 |     6 |     9 |    18 |     2 |     2 ||    66
       Potion            |       |       |     1 |     8 |     2 |     8 |    10 |     4 |    10 ||    43
 Stab: Sleeping          |       |       |     1 |     7 |    12 |    62 |     6 |     8 |       ||    96
       Invisible         |       |       |     5 |     3 |       |       |       |       |       ||     8
       Distracted        |       |       |       |    12 |    12 |    32 |    57 |    24 |     8 ||   145
       Paralysed         |       |       |       |     2 |       |     3 |     1 |       |     1 ||     7
       Confused          |       |       |       |       |       |       |     2 |       |       ||     2
  Eat: Chunk             |     2 |     5 |    12 |    25 |    28 |    43 |    21 |    14 |     5 ||   155
       Ration            |       |       |     1 |     3 |     4 |     5 |     7 |     3 |     1 ||    24
Armor: Leather armour    |     5 |       |       |     4 |       |       |       |       |       ||     9
       Chain mail        |    35 |       |       |     3 |       |       |   165 |    61 |    30 ||   294
       Scale mail        |     9 |    55 |    63 |     2 |       |       |       |       |       ||   129
       Ring mail         |       |       |    52 |    80 |   122 |   138 |       |       |       ||   392
Dodge: Dodged            |    52 |    73 |   226 |   256 |   350 |   405 |   333 |   164 |    67 ||  1926
       Deflected         |       |       |     4 |     4 |    28 |    19 |       |       |       ||    55
Block: Buckler           |       |       |       |    22 |    70 |       |       |       |       ||    92
       Shield            |       |       |       |       |   266 |   602 |   506 |   394 |   130 ||  1898
       Reflection        |       |       |       |       |    12 |    68 |    22 |    21 |     2 ||   125
